[Event "Titled Tuesday Blitz June 1 2021"]
[White "Sumets, Andrey"]
[Black "Elgersma, Onno"]
[WhiteFideId "14105500"]
[BlackFideId "1053531"]
[WhiteElo "2619"]
[BlackElo "2503"]
[Result "1-0"]
[Round "02"]
[TimeControl "180+1"]
[Date "2021.06.01"]
[WhiteClock "0:00:13"]
[BlackClock "0:00:06"]

1. d4 d5 2. c4 e6 3. Nf3 Nf6 4. g3 Be7 5. Bg2 O-O 6. O-O dxc4 7. Qc2 a6 8. Rd1 Nbd7 9. Qxc4 b5 10. Qc2 Bb7 11. a4 Be4 12. Qd2 c5 13. Nc3 Bc6 14. Ne5 Bxg2 15. Kxg2 b4 16. Nb1 cxd4 17. Nc6 Qe8 18. Nxe7+ Qxe7 19. Qxd4 e5 20. Qd6 Qxd6 21. Rxd6 Nc5 22. Nd2 Rfd8 23. Rc6 Rac8 24. Rxc8 Rxc8 25. b3 Rd8 26. Ra2 Nd5 27. Rc2 Ne6 28. Bb2 Nd4 29. Bxd4 exd4 30. Rc6 h6 31. Rxa6 Nc3 32. Kf3 Re8 33. e3 dxe3 34. fxe3 Nd1 35. Nc4 g5 36. Rxh6 g4+ 37. Ke2 Nc3+ 38. Kd3 Rd8+ 39. Rd6 Re8 40. Rd4 Kg7 41. Rxg4+ Kf6 42. Rf4+ Kg6 43. h4 Rd8+ 44. Rd4 Re8 45. g4 Kf6 46. g5+ Kf5 47. Nd6+ 1-0


[Site "https://www.chess.com"]

[Event "Titled Tuesday Blitz June 1 2021"]
[White "Svane, Frederik"]
[Black "Kislov, Oleg"]
[WhiteFideId "12923044"]
[BlackFideId "13503774"]
[WhiteElo "2459"]
[BlackElo "2252"]
[Result "1-0"]
[Round "02"]
[TimeControl "180+1"]
[Date "2021.06.01"]
[WhiteClock "0:01:30"]
[BlackClock "0:00:56"]

1. e4 c5 2. Nf3 Nc6 3. Bb5 g6 4. O-O Bg7 5. Re1 d6 6. c3 Bd7 7. d4 cxd4 8. cxd4 Nf6 9. Nc3 O-O 10. h3 a6 11. Bf1 Rc8 12. Bg5 b5 13. Qd2 b4 14. Nd5 e6 15. Nxf6+ Bxf6 16. Bh6 Bg7 17. Bxa6 Ra8 18. Bf1 Qb6 19. Bxg7 Kxg7 20. h4 Ra5 21. d5 Ne5 22. Nxe5 dxe5 23. h5 exd5 24. h6+ Kg8 25. exd5 Qd6 26. Bc4 Bc6 27. Rad1 Rd8 28. dxc6 Qxd2 29. Rxd2 Rxd2 30. c7 Rc5 31. Rxe5 Kf8 32. Rxc5 1-0


[Site "https://www.chess.com"]

[Event "Titled Tuesday Blitz June 1 2021"]
[White "Sztokbant, Bernardo Vainzoff"]
[Black "Korchmar, Vasiliy"]
[WhiteFideId "2115956"]
[BlackFideId "24131750"]
[WhiteElo "2264"]
[BlackElo "2370"]
[Result "0-1"]
[Round "02"]
[TimeControl "180+1"]
[Date "2021.06.01"]
[WhiteClock "0:01:57"]
[BlackClock "0:01:26"]

1. e4 c5 2. Nf3 d6 3. d4 cxd4 4. Qxd4 Nc6 5. Bb5 a6 6. Bxc6+ bxc6 7. Nc3 e5 8. Qd3 Nf6 9. O-O Be7 10. b3 O-O 11. a4 h6 12. Ba3 Qc7 13. Rfd1 Rd8 14. h3 Be6 15. Qe3 Nh5 16. a5 Nf4 17. Kh2 Qc8 18. Ng1 Bg5 19. Qf3 d5 20. Na4 dxe4 21. Qxe4 Bd5 22. Rxd5 cxd5 23. Qxe5 Qxc2 24. Bb2 Ne6 25. Ne2 Bf6 26. Qe3 Bxb2 27. Ra2 Be5+ 28. Qxe5 Qxa2 29. Nb6 Qxb3 30. Nxa8 Rxa8 0-1


[Site "https://www.chess.com"]

[Event "Titled Tuesday Blitz June 1 2021"]
[White "Tanenbaum, Zachary"]
[Black "Reprintsev, Alexander"]
[WhiteFideId "2060850"]
[BlackFideId "14100541"]
[WhiteElo "2165"]
[BlackElo "2177"]
[Result "0-1"]
[Round "02"]
[TimeControl "180+1"]
[Date "2021.06.01"]
[WhiteClock "0:00:04"]
[BlackClock "0:00:13"]

1. e4 d5 2. exd5 Qxd5 3. Nc3 Qa5 4. d4 Nf6 5. Nf3 Nc6 6. Bd2 a6 7. Ne4 Qb6 8. Nxf6+ gxf6 9. Bc4 Nxd4 10. O-O Rg8 11. Be3 Nxf3+ 12. Qxf3 Bg4 13. Qg3 Qc6 14. Bd3 h5 15. h3 h4 16. Qxh4 Bf5 17. f3 Bxd3 18. cxd3 O-O-O 19. Rac1 Qd5 20. Rc3 e6 21. Bf4 Bd6 22. Bxd6 Qxd6 23. Qxf6 Qg3 24. Rf2 Rd7 25. Rfc2 c6 26. Rf2 Qxh3 27. Qf4 Qh5 28. b4 e5 29. Qe4 Re8 30. Qe3 f5 31. Qb6 Rh8 32. Rfc2 Qh1+ 33. Kf2 Qh4+ 34. Kg1 Rh6 35. Kf1 Qh1+ 36. Kf2 Qh4+ 37. Ke2 Qg3 38. Rxc6+ bxc6 39. Rxc6+ Rxc6 40. Qxc6+ Kd8 41. Qf6+ Kc7 42. Ke3 Qf4+ 43. Ke2 Qxb4 44. Qxe5+ Qd6 45. Qxf5 Re7+ 46. Kf2 Qe5 47. Qg4 Qe1# 0-1


[Site "https://www.chess.com"]

[Event "Titled Tuesday Blitz June 1 2021"]
[White "Ter-Sahakyan, Samvel"]
[Black "Chizhikov, Vladislav"]
[WhiteFideId "13302531"]
[BlackFideId "4178157"]
[WhiteElo "2551"]
[BlackElo "2265"]
[Result "0-1"]
[Round "02"]
[TimeControl "180+1"]
[Date "2021.06.01"]
[WhiteClock "0:00:01"]
[BlackClock "0:00:11"]

1. e4 e5 2. Nf3 d5 3. Nxe5 Bd6 4. d4 dxe4 5. Nc4 Nf6 6. Nc3 O-O 7. Bg5 Re8 8. Be2 h6 9. Bh4 Nc6 10. Qd2 Bb4 11. a3 Bxc3 12. bxc3 Bf5 13. Ne3 Bg6 14. O-O Qd6 15. Bg3 Qd7 16. Rab1 Rab8 17. Rfd1 a6 18. c4 Nh5 19. Bg4 Qd8 20. Bxh5 Bxh5 21. Nd5 Bxd1 22. Bxc7 Qg5 23. Qxg5 hxg5 24. Bxb8 Bxc2 25. Rb2 Rxb8 26. Rxc2 Nxd4 27. Rb2 Kf8 28. Rb6 Ne6 29. h3 Nc5 30. Rb1 Rd8 31. Kh2 f6 32. Rb6 Kf7 33. Kg3 Rc8 34. a4 Rc6 35. Rb1 Ke6 36. a5 Ke5 37. Kg4 Rd6 38. h4 gxh4 39. Kxh4 Kd4 40. Ne3 g6 41. g4 Kc3 42. Kg3 Nb3 43. Rh1 Nxa5 44. Rh7 b6 45. Ra7 Nxc4 46. Rxa6 Nxe3 47. fxe3 g5 48. Ra4 Re6 49. Ra3+ Kb4 50. Ra1 b5 51. Rb1+ Ka5 52. Ra1+ Kb6 53. Rb1 Rc6 54. Kf2 Rc2+ 55. Kf1 Rc3 56. Ke2 Kc5 57. Rf1 Rc2+ 58. Kd1 Rg2 59. Rxf6 Rxg4 60. Kd2 Kb4 61. Re6 Rg2+ 62. Kc1 Kc3 63. Kb1 Kd3 64. Kc1 Kxe3 65. Kd1 b4 66. Rb6 Rd2+ 67. Kc1 Rg2 68. Rxb4 g4 69. Rb3+ Kf4 70. Kd1 g3 71. Ke1 Ra2 72. Rb8 Ke3 73. Rb3+ Kf4 74. Kf1 Rh2 75. Rb8 Ra2 0-1


[Site "https://www.chess.com"]

[Event "Titled Tuesday Blitz June 1 2021"]
[White "Terry, Renato"]
[Black "Levitskiy, Andrey"]
[WhiteFideId "3803457"]
[BlackFideId "14132885"]
[WhiteElo "2581"]
[BlackElo "2366"]
[Result "1-0"]
[Round "02"]
[TimeControl "180+1"]
[Date "2021.06.01"]
[WhiteClock "0:01:10"]
[BlackClock "0:00:08"]

1. e4 e6 2. d4 d5 3. exd5 exd5 4. Nf3 Nc6 5. Bb5 Bd6 6. c4 a6 7. Bxc6+ bxc6 8. c5 Be7 9. Ne5 Bd7 10. Qh5 g6 11. Qf3 Nf6 12. Bh6 Bf8 13. Bxf8 Rxf8 14. O-O Ne4 15. Nc3 f5 16. Qe2 Qe7 17. Rfe1 Rf6 18. Nxd7 Kxd7 19. f3 Raf8 20. fxe4 fxe4 21. Rf1 Qf7 22. Rxf6 Qxf6 23. Rd1 h5 24. Qe3 g5 25. b4 h4 26. h3 Qf5 27. Qe2 Qf6 28. a4 Ke7 29. b5 axb5 30. axb5 cxb5 31. Nxd5+ 1-0


[Site "https://www.chess.com"]

[Event "Titled Tuesday Blitz June 1 2021"]
[White "Titus, Andrew"]
[Black "Ivanisevic, Ivan"]
[WhiteFideId "2059770"]
[BlackFideId "912417"]
[WhiteElo "2044"]
[BlackElo "2499"]
[Result "0-1"]
[Round "02"]
[TimeControl "180+1"]
[Date "2021.06.01"]
[WhiteClock "0:00:03"]
[BlackClock "0:00:22"]

1. e4 c5 2. Nf3 Nc6 3. d4 cxd4 4. Nxd4 Qc7 5. Nc3 e6 6. g3 a6 7. Bg2 Nf6 8. O-O Nxd4 9. Qxd4 Bc5 10. Bf4 d6 11. Qd3 h6 12. Rad1 e5 13. Be3 Bxe3 14. fxe3 Be6 15. Nd5 Bxd5 16. exd5 Qe7 17. c4 Rc8 18. b3 O-O 19. Rf2 Ng4 20. Rff1 h5 21. h3 Nh6 22. e4 g6 23. Rc1 b6 24. b4 Kg7 25. Rf2 Qg5 26. Rfc2 f5 27. c5 bxc5 28. bxc5 dxc5 29. d6 f4 30. Rxc5 Rxc5 31. Rxc5 f3 32. Rc7+ Kh8 33. d7 fxg2 34. Rc8 Rd8 35. Qd6 Nf7 36. Qe6 Kg7 37. h4 Qe3+ 38. Kxg2 Qxe4+ 39. Kh2 Qe2+ 40. Kg1 Qd1+ 41. Kh2 Rxd7 42. Rg8+ Kxg8 43. Qxg6+ Kf8 44. Qxa6 0-1


[Site "https://www.chess.com"]

[Event "Titled Tuesday Blitz June 1 2021"]
[White "Toniutti, Ezio"]
[Black "Sadhwani, Raunak"]
[WhiteFideId "113034"]
[BlackFideId "35093487"]
[WhiteElo "2215"]
[BlackElo "2514"]
[Result "0-1"]
[Round "02"]
[TimeControl "180+1"]
[Date "2021.06.01"]
[WhiteClock "0:00:12"]
[BlackClock "0:00:05"]

1. d4 c5 2. d5 e5 3. e4 d6 4. Bb5+ Nd7 5. a4 Be7 6. Nf3 Nf6 7. Nc3 O-O 8. O-O h6 9. h3 Nh7 10. Nd2 Bg5 11. Bd3 a6 12. Nc4 Qe7 13. Bd2 b6 14. Ra3 Rb8 15. Rb3 Rd8 16. Qe2 Nhf8 17. Ne3 Ra8 18. Nf5 Qf6 19. Bxg5 hxg5 20. Nd1 Ng6 21. Nde3 Nf4 22. Qf3 Re8 23. Ng4 Qg6 24. Kh2 c4 25. Bxc4 Nc5 26. Nge3 Nxb3 27. Bxb3 b5 28. g3 Nh5 29. Nxd6 Qxd6 30. Qxh5 Qf6 31. Kg2 g6 32. Qe2 Bd7 33. Ng4 Qd6 34. Qe3 f6 35. axb5 axb5 36. Qf3 Kg7 37. Ne3 Rh8 38. Rh1 Rac8 39. h4 gxh4 40. gxh4 Rh5 41. Qg3 Rch8 42. c3 Kf7 43. Bd1 R5h7 44. Bg4 Bxg4 45. Qxg4 Rh5 46. Qg3 Qe7 47. Ng4 Kg7 48. Ne3 Kh7 49. Qf3 Rf8 50. Ng4 Rf7 51. Qg3 Rg7 52. Ne3 f5 53. Kf1 f4 54. Qf3 fxe3 55. Qxe3 Rf7 56. Ke2 Qf6 57. Kd2 Rxh4 0-1


[Site "https://www.chess.com"]

[Event "Titled Tuesday Blitz June 1 2021"]
[White "Tristan, Leonardo"]
[Black "Sirosh, Ilja"]
[WhiteFideId "113816"]
[BlackFideId "4500458"]
[WhiteElo "2404"]
[BlackElo "2241"]
[Result "1-0"]
[Round "02"]
[TimeControl "180+1"]
[Date "2021.06.01"]
[WhiteClock "0:00:36"]
[BlackClock "0:00:13"]

1. d4 d5 2. Bf4 Nf6 3. e3 e6 4. Nf3 c5 5. Nbd2 Bd6 6. Bb5+ Nc6 7. Bg3 O-O 8. c3 Be7 9. Bd3 Nh5 10. Ne5 g6 11. f4 Nxg3 12. hxg3 Nxe5 13. dxe5 c4 14. Bc2 Qb6 15. Ke2 Qxb2 16. Rc1 Bc5 17. g4 Qxc3 18. Rh3 f5 19. Bxf5 Qb2 20. Qh1 exf5 21. Rxh7 Be6 22. Qh6 1-0


[Site "https://www.chess.com"]

[Event "Titled Tuesday Blitz June 1 2021"]
[White "Vazquez, Guillermo"]
[Black "Blit, Jacques"]
[WhiteFideId "3702308"]
[BlackFideId "114839"]
[WhiteElo "2536"]
[BlackElo "2390"]
[Result "1-0"]
[Round "02"]
[TimeControl "180+1"]
[Date "2021.06.01"]
[WhiteClock "0:00:38"]
[BlackClock "0:00:02"]

1. e4 c5 2. Nf3 a6 3. g3 Nc6 4. Bg2 e5 5. O-O g6 6. c3 Bg7 7. d4 exd4 8. cxd4 cxd4 9. Re1 Nge7 10. Nbd2 O-O 11. Nb3 d5 12. e5 Nf5 13. Bf4 Re8 14. Rc1 h6 15. h4 a5 16. Qd2 a4 17. Nbxd4 Nfxd4 18. Nxd4 Nxe5 19. Bxh6 Nc4 20. Qf4 Be5 21. Rxe5 Nxe5 22. Rd1 f6 23. Nb5 Nf7 24. Bxd5 Be6 25. Nc7 Bxd5 26. Rxd5 Qe7 27. Nxe8 1-0


[Site "https://www.chess.com"]

[Event "Titled Tuesday Blitz June 1 2021"]
[White "Vlassov, Nikolai"]
[Black "Goltsev, Dmitry"]
[WhiteFideId "4103360"]
[BlackFideId "24176710"]
[WhiteElo "2407"]
[BlackElo "2366"]
[Result "0-1"]
[Round "02"]
[TimeControl "180+1"]
[Date "2021.06.01"]
[WhiteClock "0:00:01"]
[BlackClock "0:00:22"]

1. e4 e6 2. d4 d5 3. exd5 exd5 4. Nf3 Nf6 5. c4 c6 6. Bd3 Be6 7. Ng5 Bg4 8. Qb3 Qb6 9. c5 Qxb3 10. axb3 h6 11. Nf3 Nbd7 12. Nbd2 a6 13. O-O O-O-O 14. b4 g5 15. Re1 Bg7 16. h3 Bh5 17. Ne5 Nxe5 18. dxe5 Nd7 19. e6 fxe6 20. Rxe6 Rde8 21. Bf5 Rxe6 22. Bxe6 Re8 23. Bf5 Re1+ 24. Kh2 Be5+ 25. g3 Kc7 26. Kg2 Be2 27. Bg4 Bxg4 28. hxg4 Rd1 29. Nb3 Nf6 30. f3 Kc8 31. f4 Bc7 32. fxg5 Nxg4 33. gxh6 Rd3 34. Ra3 Rxg3+ 35. Kf1 Rh3 36. Nd4 Rh1+ 37. Kg2 Rxc1 38. h7 Be5 39. Nf3 Rc2+ 40. Kh3 Nf2+ 41. Kh4 Bh8 42. Ng5 Ne4 43. Rf3 Rh2+ 44. Kg4 Bxb2 0-1


[Site "https://www.chess.com"]

[Event "Titled Tuesday Blitz June 1 2021"]
[White "Vukovic, Zdravko"]
[Black "Costachi, Mihnea"]
[WhiteFideId "900877"]
[BlackFideId "1217518"]
[WhiteElo "2510"]
[BlackElo "2479"]
[Result "1-0"]
[Round "02"]
[TimeControl "180+1"]
[Date "2021.06.01"]
[WhiteClock "0:00:44"]
[BlackClock "0:00:32"]

1. e4 e5 2. Nf3 Nc6 3. Bc4 Bc5 4. Nc3 Nf6 5. d3 d6 6. h3 h6 7. Be3 Bb6 8. Qe2 Be6 9. Bb3 Qe7 10. O-O-O O-O-O 11. d4 exd4 12. Nxd4 Nxd4 13. Bxd4 Bxd4 14. Rxd4 Bxb3 15. axb3 Rhe8 16. Qd2 Qe5 17. f4 Qa5 18. Kb1 a6 19. Rd1 Re6 20. e5 Ne8 21. Qd3 Kb8 22. Rd5 Qb4 23. Qf5 Re7 24. R5d4 Qc5 25. g4 g6 26. Qd3 Rc8 27. b4 Qc6 28. b5 axb5 29. Nxb5 dxe5 30. Ra4 Nd6 31. Qa3 b6 32. Na7 Qb7 33. fxe5 Rxe5 34. Rxd6 Re1+ 35. Ka2 cxd6 36. Qxd6+ Rc7 37. Qd8+ Rc8 38. Nxc8 Qc6 39. Nd6+ Qc8 40. Qxc8# 1-0


[Site "https://www.chess.com"]

[Event "Titled Tuesday Blitz June 1 2021"]
[White "Weetik, Vjacheslav"]
[Black "Atanasov, Anthony"]
[WhiteFideId "4153472"]
[BlackFideId "2623897"]
[WhiteElo "2469"]
[BlackElo "1889"]
[Result "1-0"]
[Round "02"]
[TimeControl "180+1"]
[Date "2021.06.01"]
[WhiteClock "0:00:06"]
[BlackClock "0:00:01"]

1. d4 e5 2. dxe5 Nc6 3. Nf3 Qe7 4. Nc3 Nxe5 5. Nd5 Nxf3+ 6. gxf3 Qd8 7. e4 Nf6 8. Bg5 Be7 9. Nxe7 Qxe7 10. Qd4 h6 11. Bh4 d6 12. O-O-O Qe5 13. Qe3 Be6 14. Bd3 Bxa2 15. f4 Qa5 16. Qd4 O-O-O 17. b3 g5 18. Bg3 Nd7 19. Kb2 gxf4 20. Bxf4 Nc5 21. Ra1 Ne6 22. Qf6 Qb6 23. Be3 Qc6 24. Rxa2 a6 25. Rha1 Nc5 26. Qc3 1-0


[Site "https://www.chess.com"]

[Event "Titled Tuesday Blitz June 1 2021"]
[White "Yaniuk, Volodymyr"]
[Black "Wagner, Dennis"]
[WhiteFideId "14133083"]
[BlackFideId "24650684"]
[WhiteElo "2207"]
[BlackElo "2355"]
[Result "1/2-1/2"]
[Round "02"]
[TimeControl "180+1"]
[Date "2021.06.01"]
[WhiteClock "0:00:26"]
[BlackClock "0:00:07"]

1. d4 Nf6 2. c4 g6 3. Nc3 d5 4. Bg5 Bg7 5. Bxf6 Bxf6 6. cxd5 c5 7. dxc5 O-O 8. e3 Nd7 9. Nf3 Nxc5 10. Qd2 Bd7 11. Be2 b5 12. O-O b4 13. Nb5 Qb6 14. Nbd4 Rfc8 15. Rfc1 a5 16. h3 Rc7 17. Bc4 Rac8 18. Qe2 Ne4 19. b3 Nd6 20. Rab1 a4 21. Qd3 Bf5 22. Nxf5 gxf5 23. Rc2 Kh8 24. Rbc1 Ne4 25. bxa4 Nc3 26. Bb3 Qd6 27. Kh1 Qd7 28. Nd4 Bxd4 29. Qxd4+ f6 30. Qxb4 Ne4 31. Kg1 Rxc2 32. Rxc2 Rxc2 33. Bxc2 Qxd5 34. Bxe4 fxe4 35. Qb3 Qd2 36. g3 Kg7 37. h4 Qe1+ 38. Kg2 Qe2 39. a5 Qf3+ 40. Kf1 Qh1+ 41. Ke2 Qf3+ 42. Ke1 Qh1+ 43. Kd2 Qf1 44. Qd1 Qd3+ 45. Ke1 Qc3+ 46. Qd2 Qa1+ 47. Ke2 Qh1 48. a6 Qf3+ 49. Ke1 Qh1+ 50. Ke2 Qf3+ 51. Kf1 Qh1+ 52. Ke2 1/2-1/2


[Site "https://www.chess.com"]

[Event "Titled Tuesday Blitz June 1 2021"]
[White "Yeletsky, Ivan"]
[Black "Pelopidass"]
[WhiteFideId "24180327"]
[WhiteElo "2344"]
[BlackElo "2530"]
[Result "1-0"]
[Round "02"]
[TimeControl "180+1"]
[Date "2021.06.01"]
[WhiteClock "0:00:26"]
[BlackClock "0:00:12"]

1. e4 e5 2. Nf3 Nc6 3. Bb5 a6 4. Ba4 Nf6 5. O-O Be7 6. d3 b5 7. Bb3 O-O 8. a3 d6 9. Nc3 Bg4 10. Be3 Qd7 11. h3 Bh5 12. Nd5 Na5 13. Nxf6+ Bxf6 14. Bd5 c6 15. Ba2 Kh8 16. g4 Bg6 17. Kh2 Rae8 18. Rg1 d5 19. g5 Bd8 20. Nh4 Nb7 21. Nxg6+ fxg6 22. Qg4 Qf7 23. Qg2 Bc7 24. Kh1 Rd8 25. Qg4 Bd6 26. Raf1 Bc5 27. Bd2 Qe7 28. Rg2 dxe4 29. Qxe4 Rd4 30. Qxc6 Rh4 31. Kh2 e4 32. dxe4 Rf3 33. Rg3 Rxf2+ 34. Rxf2 Nd8 35. Qd5 1-0


[Site "https://www.chess.com"]

[Event "Titled Tuesday Blitz June 1 2021"]
[White "Yoo, Christopher Woojin"]
[Black "Omk124"]
[WhiteFideId "30909694"]
[WhiteElo "2009"]
[BlackElo "2566"]
[Result "1-0"]
[Round "02"]
[TimeControl "180+1"]
[Date "2021.06.01"]
[WhiteClock "0:01:10"]
[BlackClock "0:00:41"]

1. d4 Nf6 2. Nf3 g6 3. c4 Bg7 4. Nc3 d5 5. cxd5 Nxd5 6. Bg5 O-O 7. Rc1 Nxc3 8. bxc3 c5 9. e4 Nc6 10. d5 Ne5 11. Nxe5 Bxe5 12. Be2 a6 13. O-O b5 14. Be3 Qc7 15. f4 Bg7 16. e5 Bb7 17. c4 bxc4 18. Rxc4 Rfd8 19. Rxc5 Qd7 20. Bf3 Rac8 21. Rxc8 Rxc8 22. Qb3 Rd8 23. e6 Qb5 24. Qxb5 axb5 25. Bb6 Ra8 26. Re1 fxe6 27. Rxe6 Ra6 28. Bc5 Rxe6 29. dxe6 Bxf3 30. gxf3 Kf8 31. Kf2 Ke8 32. Bb6 Bh6 33. Ke3 Kf8 34. Ke4 Kg7 35. Bd4+ Kf8 36. Be5 Ke8 37. Kd5 Kd8 38. Kc5 g5 39. f5 1-0


[Site "https://www.chess.com"]

[Event "Titled Tuesday Blitz June 1 2021"]
[White "Yurovskykh, Oleksandr"]
[Black "Asis Gargatagli, Hipolito"]
[WhiteFideId "14134020"]
[BlackFideId "2260735"]
[WhiteElo "2339"]
[BlackElo "2557"]
[Result "1-0"]
[Round "02"]
[TimeControl "180+1"]
[Date "2021.06.01"]
[WhiteClock "0:00:18"]
[BlackClock "0:00:35"]

1. d4 Nf6 2. Nf3 d5 3. c3 Bf5 4. Qb3 Qc8 5. Bg5 Nbd7 6. e3 e6 7. c4 c6 8. Nc3 Bd6 9. Rc1 O-O 10. Nh4 Be4 11. f3 Bg6 12. Nxg6 hxg6 13. f4 Ng4 14. cxd5 cxd5 15. Ne2 Qb8 16. h3 Ngf6 17. Bxf6 Nxf6 18. Nc3 a6 19. Bd3 b5 20. O-O Rc8 21. Ne2 Qb6 22. a4 Qa5 23. Nc3 b4 24. Ne2 Nd7 25. Qa2 b3 26. Qxb3 Rxc1 27. Nxc1 Qd2 28. Be2 Rb8 29. Qc3 Bb4 30. Qxd2 Bxd2 31. Kf2 Rxb2 32. Nd3 Ra2 33. Rd1 Nf6 34. Bf3 Bc1+ 35. Kg3 Bxe3 36. Nb4 Rxa4 37. Nc2 Bxf4+ 38. Kxf4 Ra2 39. Rd2 a5 40. Re2 a4 41. Nb4 Ra3 42. Re3 Ra1 43. Rc3 a3 44. Rc8+ Kh7 45. Ra8 Rb1 46. Nc2 Rc1 47. Nxa3 Ra1 48. Ra7 Ra2 49. Nb5 Rb2 50. Nd6 Rb4 51. Ke3 Rb3+ 52. Kd2 g5 53. Nxf7 Kg6 54. Ne5+ Kf5 55. Nd3 Ne4+ 56. Bxe4+ dxe4 57. Nc5 Rb2+ 58. Ke3 Rxg2 59. Nxe4 Rh2 60. Rf7+ Kg6 61. Rf3 Rh1 62. Rg3 Re1+ 63. Kd3 Kf5 64. Rxg5+ Kf4 65. Rg4+ Kf5 66. Ng3+ Kf6 67. Nh5+ Kf5 68. Nxg7+ Kf6 69. Nh5+ Kf5 70. Ng3+ Kf6 71. Ne4+ Kf5 72. Nd6+ Kf6 73. Rf4+ Kg5 74. Rf3 e5 75. Ne4+ Kg6 76. dxe5 1-0


[Site "https://www.chess.com"]

[Event "Titled Tuesday Blitz June 1 2021"]
[White "Zhigalko, Sergei"]
[Black "Woodward, Andy"]
[WhiteFideId "13502956"]
[BlackFideId "30953499"]
[WhiteElo "2662"]
[BlackElo "2596"]
[Result "1-0"]
[Round "02"]
[TimeControl "180+1"]
[Date "2021.06.01"]
[WhiteClock "0:00:09"]
[BlackClock "0:00:27"]

1. e4 c5 2. Nf3 d6 3. d4 cxd4 4. Qxd4 a6 5. Bc4 Nc6 6. Qd3 g6 7. Nc3 Bg7 8. Bb3 Nf6 9. Bg5 O-O 10. O-O-O Nd7 11. Kb1 Nc5 12. Qe3 Nxb3 13. axb3 Be6 14. Nd5 a5 15. Bh6 f6 16. Bxg7 Kxg7 17. Nd4 Nxd4 18. Rxd4 b5 19. h4 h5 20. f4 Bf7 21. f5 e6 22. fxe6 Bxe6 23. Qg3 Kh7 24. Rhd1 Ra6 25. Nc3 b4 26. Na4 Qc7 27. Qd3 Rc6 28. Rxd6 Rc8 29. Rxc6 Qxc6 30. Rd2 Kh8 31. Qd4 Bg8 32. Nb6 Rc7 33. Nd7 Kg7 34. e5 a4 35. exf6+ Kh6 36. Qf4+ Kh7 37. Nf8+ Kh8 38. Qh6+ Bh7 39. Nxg6+ Kg8 40. Qf8# 1-0


[Site "https://www.chess.com"]

[Event "Titled Tuesday Blitz June 1 2021"]
[White "Abdusattorov, Nodirbek"]
[Black "Erdogdu, Mert"]
[WhiteFideId "14204118"]
[BlackFideId "6301495"]
[WhiteElo "2662"]
[BlackElo "2485"]
[Result "1-0"]
[Round "03"]
[TimeControl "180+1"]
[Date "2021.06.01"]
[WhiteClock "0:01:01"]
[BlackClock "0:00:21"]

1. e4 c5 2. Nf3 d6 3. Bb5+ Nc6 4. O-O Bd7 5. Re1 Nf6 6. c3 a6 7. Bf1 Bg4 8. h3 Bxf3 9. Qxf3 e6 10. d3 Be7 11. Be3 O-O 12. Nd2 d5 13. Bf4 Rc8 14. g4 Qb6 15. Rab1 dxe4 16. dxe4 Nd7 17. Nc4 Qa7 18. e5 b5 19. Nd2 Rfd8 20. Rbd1 Nf8 21. Bg3 Ng6 22. Qe3 c4 23. Qxa7 Nxa7 24. f4 Nc6 25. Nf3 Bc5+ 26. Kg2 Nge7 27. Bf2 Bxf2 28. Kxf2 Nd5 29. f5 h6 30. Kg3 Kf8 31. Bg2 Ke7 32. Nh4 a5 33. fxe6 fxe6 34. Bxd5 exd5 35. Nf5+ Kf8 36. e6 Ne7 37. Nd4 b4 38. Rf1+ Kg8 39. Rf7 Re8 40. Nf5 Nxf5+ 41. gxf5 g6 42. Kf4 Rc6 43. Rg1 g5+ 44. Ke5 bxc3 45. bxc3 Rb6 46. h4 1-0


[Site "https://www.chess.com"]

[Event "Titled Tuesday Blitz June 1 2021"]
[White "Andreev, Eduard"]
[Black "Sibashvili, Giorgi"]
[WhiteFideId "14103400"]
[BlackFideId "13602799"]
[WhiteElo "2418"]
[BlackElo "2335"]
[Result "1-0"]
[Round "03"]
[TimeControl "180+1"]
[Date "2021.06.01"]
[WhiteClock "0:00:42"]
[BlackClock "0:00:22"]

1. e4 e6 2. d4 d5 3. e5 c5 4. c3 Nc6 5. Nf3 Bd7 6. Be2 Nge7 7. O-O Ng6 8. Be3 Be7 9. g3 O-O 10. h4 c4 11. h5 Nh8 12. h6 g6 13. Nh2 b5 14. Nd2 f5 15. exf6 Bxf6 16. Ng4 Be7 17. Nf3 Nf7 18. Qd2 Rb8 19. Bf4 Rb7 20. a3 a5 21. Rfe1 Nd6 22. Nfe5 Nxe5 23. Nxe5 Ne4 24. Qc1 g5 25. Be3 Bf6 26. Bg4 Kh8 27. Kg2 Bxe5 28. dxe5 d4 29. Bxd4 Bc6 30. f3 Nxg3 31. Kxg3 Rbf7 32. Rf1 Qd5 33. Qe3 Rf4 34. Rae1 Rxg4+ 35. Kxg4 Rf4+ 36. Kg3 Be8 37. Rh1 Bg6 38. Ref1 Qd7 39. Bc5 Qf7 40. Rd1 Bd3 41. Rxd3 cxd3 42. Qxd3 Qe8 43. Rd1 1-0


[Site "https://www.chess.com"]

[Event "Titled Tuesday Blitz June 1 2021"]
[White "Andreikin, Dmitry"]
[Black "Rakotomaharo, Fy Antenaina"]
[WhiteFideId "4158814"]
[BlackFideId "13100050"]
[WhiteElo "2782"]
[BlackElo "2378"]
[Result "1-0"]
[Round "03"]
[TimeControl "180+1"]
[Date "2021.06.01"]
[WhiteClock "0:00:19"]
[BlackClock "0:00:02"]

1. e4 e5 2. Bc4 Nc6 3. d3 Nf6 4. Nc3 Na5 5. Bb3 Be7 6. f4 d6 7. Nf3 Nxb3 8. axb3 exf4 9. Bxf4 O-O 10. O-O c6 11. Kh1 h6 12. Qd2 Nh7 13. Nd4 Ng5 14. Rae1 Bf6 15. Qf2 Ne6 16. Be3 Nxd4 17. Bxd4 Bxd4 18. Qxd4 f5 19. h3 fxe4 20. Nxe4 d5 21. Ng3 Rxf1+ 22. Rxf1 Qg5 23. Kh2 Be6 24. b4 b6 25. Re1 Re8 26. Re5 Qg6 27. Qf4 Rf8 28. Qe3 Bd7 29. c3 Re8 30. d4 Rxe5 31. Qxe5 Kh7 32. Qc7 Qe6 33. Qxa7 b5 34. Qc7 Be8 35. Qf4 Bg6 36. Qf2 Qe7 37. Ne2 Be4 38. Nf4 Qg5 39. Qg3 Qf5 40. h4 Qf6 41. Nh5 Qf7 42. Qe5 Bf5 43. Nxg7 Bg4 44. Ne8 h5 45. Nf6+ Kg6 46. Qg5# 1-0


[Site "https://www.chess.com"]

[Event "Titled Tuesday Blitz June 1 2021"]
[White "Annaberdiyev, Babageldi"]
[Black "Peralta, Eduardo"]
[WhiteFideId "14000385"]
[BlackFideId "3700062"]
[WhiteElo "2332"]
[BlackElo "2205"]
[Result "1-0"]
[Round "03"]
[TimeControl "180+1"]
[Date "2021.06.01"]
[WhiteClock "0:00:50"]
[BlackClock "0:00:06"]

1. e4 c5 2. Nf3 Nc6 3. d3 g6 4. Nbd2 Bg7 5. g3 e5 6. Bg2 Nge7 7. h4 h6 8. O-O d6 9. c3 O-O 10. a4 Bg4 11. Qc2 Qd7 12. Nc4 Rad8 13. Nh2 Bh3 14. Ne3 d5 15. exd5 Bxg2 16. Nxg2 Qxd5 17. Rd1 c4 18. Ne3 cxd3 19. Qb1 Qe6 20. Rxd3 Rxd3 21. Qxd3 Rd8 22. Qe2 Qd7 23. Nhf1 e4 24. Bd2 Ne5 25. Rd1 Qh3 26. Nh2 Nd3 27. Bc1 Nc6 28. Qg4 Qxg4 29. Nexg4 Nxc1 30. Rxc1 Rd2 31. Rb1 f5 32. Nf1 Re2 33. Nge3 Ne5 34. b4 Nf3+ 35. Kg2 Bxc3 36. b5 Be1 37. Nd1 g5 38. hxg5 hxg5 39. Rb2 Rxb2 40. Nxb2 a6 41. Nc4 Bb4 42. Nfe3 f4 43. gxf4 gxf4 44. Nd5 Ne1+ 45. Kf1 Nd3 46. Nf6+ Kf7 47. Nxe4 axb5 48. axb5 Ke6 49. Ke2 Ne5 50. Nxe5 Kxe5 51. Kf3 Bd6 52. Nxd6 Kxd6 53. Kxf4 Kc5 54. Kg5 Kxb5 55. f4 Kc6 56. f5 Kd7 57. Kg6 b5 58. f6 b4 59. f7 b3 60. f8=Q b2 61. Qb8 1-0


[Site "https://www.chess.com"]

[Event "Titled Tuesday Blitz June 1 2021"]
[White "Asis Gargatagli, Hipolito"]
[Black "Topalov, Aleksandar"]
[WhiteFideId "2260735"]
[BlackFideId "925659"]
[WhiteElo "2557"]
[BlackElo "2228"]
[Result "1/2-1/2"]
[Round "03"]
[TimeControl "180+1"]
[Date "2021.06.01"]
[WhiteClock "0:02:08"]
[BlackClock "0:00:38"]

1. e4 e6 2. d4 d5 3. Nd2 Nf6 4. e5 Ng8 5. Ngf3 Ne7 6. c3 Qd7 7. a4 a5 8. Bb5 c6 9. Bd3 b6 10. O-O Ba6 11. Ne1 h5 12. Ndf3 Nf5 13. g3 Be7 14. h3 g6 15. Bg5 c5 16. Bxe7 Qxe7 17. Bxa6 Nxa6 18. Nd3 Kf8 19. Qd2 Kg7 20. Rfe1 Rac8 21. Rac1 Rc7 22. Nf4 Rhc8 23. c4 cxd4 24. cxd5 Rxc1 25. Rxc1 Rxc1+ 26. Qxc1 exd5 27. Nxd5 Qc5 28. Qxc5 bxc5 29. Nd2 Nb4 30. Nc4 Nd3 31. b3 Kf8 32. Nxa5 Nxe5 33. Nb7 c4 34. bxc4 Nxc4 35. a5 d3 36. a6 d2 37. Nc3 Nd4 38. a7 Nb6 39. Kf1 Nb5 40. Nd1 Nxa7 41. Ke2 Nc4 42. Nc5 Nc6 43. Nb3 N6e5 44. f4 Nc6 45. Kd3 Nd6 46. Nxd2 Nf5 47. Nf1 Ke7 48. Ke4 Ke6 49. g4 hxg4 50. hxg4 Nd6+ 51. Kf3 Nd4+ 52. Ke3 Nc2+ 53. Kf2 f6 54. Nc3 g5 55. fxg5 fxg5 56. Ng3 Nf7 57. Nge4 Nd4 58. Ke3 Nc6 59. Nd1 Nce5 60. Ndf2 Nc4+ 61. Kd4 Nce5 62. Ke3 Nc4+ 63. Kd4 Nce5 64. Ke3 1/2-1/2


[Site "https://www.chess.com"]